 Dungeon Crawl Stone Soup version 0.27.0-1-g7a089689b8 (webtiles) character file.

Game seed: 13824870913879871637

45 ZARRMARR the Conjurer (level 3, 0/26 HPs)
             Began as a Draconian Conjurer on Aug 3, 2021.
             Killed from afar by Sigmund (3 damage)
             ... with a magic dart
             ... on level 2 of the Dungeon.
             The game lasted 00:04:46 (1630 turns).

ZARRMARR the Conjurer (Draconian Conjurer)          Turns: 1630, Time: 00:04:46

Health: 0/26       AC:  5    Str:  9    XL:     3   Next: 42%
Magic:  1/6        EV: 12    Int: 19    God:
Gold:   73         SH:  0    Dex:  9    Spells: 6/7 levels left

rFire    . . .     SeeInvis .   a - +0 hand axe (freeze)
rCold    . . .     Faith    .   (no shield)
rNeg     . . .     Spirit   .   (armour unavailable)
rPois    .         Reflect  .   (helmet restricted)
rElec    .         Harm     .   (no cloak)
rCorr    .         Rampage  .   (no gloves)
Will     .....                  (no boots)
Stlth    ++........             (no amulet)
HPRegen  0.08/turn              (no ring)
MPRegen  0.10/turn              (no ring)

@: no status effects
A: AC +5, unfitting armour, cold-blooded
a: no special abilities


You were on level 2 of the Dungeon.
You visited 1 branch of the dungeon, and saw 2 of its levels.

You collected 73 gold pieces.

Inventory:

Hand Weapons
 a - a +0 hand axe of freezing (weapon)
Scrolls
 b - a scroll of brand weapon {unknown}
 c - a scroll of fear {unknown}
 d - 4 scrolls of identify {unknown}
Potions
 e - a potion of invisibility {unknown}
 f - a potion of cancellation {unknown}
 g - a potion of might {unknown}
 h - a potion of heal wounds {unknown}


   Skills:
 + Level 0.2 Axes
 + Level 1.9 Dodging
 + Level 1.9 Stealth
 + Level 2.6 Spellcasting
 + Level 4.7 Conjurations


You had 6 spell levels left.
You knew the following spells:

 Your Spells              Type           Power      Damage    Failure   Level
a - Magic Dart            Conj           80%        1d7       2%          1

Your spell library contained the following spells:

 Spells                   Type           Power      Damage    Failure   Level
 Searing Ray              Conj           40%        3d4       3%          2
 Dazzling Flash           Conj/Hex       22%        N/A       19%         3
 Fulminant Prism          Conj/Hex       5%         3d7       52%         4
 Iskenderun's Mystic Bla  Conj/Tloc      11%        2d4       52%         4


Dungeon Overview and Level Annotations

Branches:
Dungeon (2/15)

Altars:

Shops:
D:1 (

Annotations:
D:2 Sigmund


Innate Abilities, Weirdness & Mutations

Your plain brown scales are hard. (AC +5)
You cannot fit into any form of body armour.
You are cold-blooded and may be slowed by cold attacks.


Message History

The magic dart hits Sigmund.
Sigmund is heavily wounded.
Casting: Magic Dart (safe; 2% risk of failure)
Confirm with . or Enter, or press ? or * to list all spells.
Aiming: Magic Dart (safe; 2% risk of failure)
Press: ? - help, Shift-Dir - straight line, f/p - Sigmund
Aim: Sigmund, wielding a +0 scythe and wearing a +1 robe of fire resistance (heavily wounded, 100% to hit)
The magic dart hits Sigmund.
Sigmund is heavily wounded.
Sigmund gestures at you while chanting. The puff of flame hits you!
Ouch! That really hurt!
Casting: Magic Dart (safe; 2% risk of failure)
Confirm with . or Enter, or press ? or * to list all spells.
Aiming: Magic Dart (safe; 2% risk of failure)
Press: ? - help, Shift-Dir - straight line, f/p - Sigmund
Aim: Sigmund, wielding a +0 scythe and wearing a +1 robe of fire resistance (heavily wounded, 100% to hit)
The magic dart hits Sigmund but does no damage.
Sigmund is heavily wounded.
Casting: Magic Dart (safe; 2% risk of failure)
Confirm with . or Enter, or press ? or * to list all spells.
Aiming: Magic Dart (safe; 2% risk of failure)
Press: ? - help, Shift-Dir - straight line, f/p - Sigmund
Aim: Sigmund, wielding a +0 scythe and wearing a +1 robe of fire resistance (heavily wounded, 100% to hit)
The magic dart hits Sigmund but does no damage.
Sigmund is heavily wounded.
Casting: Magic Dart (safe; 2% risk of failure)
Confirm with . or Enter, or press ? or * to list all spells.
You don't have enough magic to cast this spell.
Unknown command.
Sigmund misses you. Sigmund casts a spell at you.
You resist with significant effort. Sigmund hits you with a +0 scythe!
* * * LOW HITPOINT WARNING * * *
You closely miss Sigmund.
Sigmund is heavily wounded.
Sigmund casts a spell at you. The magic dart hits you.
You die...

##.#
#.###....#.##.##.#
##.### #.#
#..........#.###
##>..#
#.###....#..........
###.#
#.#...#####.†...####
#.# #.#.#.# ##...##
#.# #.....# ##.##
#.# ###.### #.# #.#
#.# ##'## #.# #@#
##...## ###.# #@#
##.....## ##.#.# #.#
##.......###
#....######## ...
#.........##
..........>.. ...
+.........'.
#...#######.. ....#
#.........## ##..#
..?## ##.......##
##.# ....# ##..<..##
#.# ##...##


You could see Sigmund.

Vanquished Creatures
  An adder (D:2)
  3 dart slugs
  2 ball pythons (D:1)
  2 bats
  An endoplasm (D:2)
  2 goblins (D:1)
  6 hobgoblins
  4 jackals (D:2)
  3 kobolds
  A quokka (D:1)
  2 rats (D:1)
27 creatures vanquished.

Notes
Turn   | Place    | Note
-------+----------+-------------------------------------------
     0 | D:1      | ZARRMARR the Draconian Conjurer began the quest for the
                  | Orb.
     0 | D:1      | Reached XP level 1. HP: 14/14 MP: 3/3
   398 | D:1      | Reached XP level 2. HP: 17/20 MP: 0/5
   684 | D:1      | Found Zusuejap's Weapon Boutique.
  1343 | D:2      | Reached XP level 3. HP: 26/26 MP: 0/6
  1619 | D:2      | Noticed Sigmund
  1630 | D:2      | Killed from afar by Sigmund

Illustrated notes

Levels and vault maps discovered:
D:1:      dpeg_arrival_rhombus, layout_basic, serial_shops,
          nicolae_shop_statue_plus, minivault_19
D:2:      layout_loops_corners, uniq_sigmund

Action                   || total
-------------------------++-------
Melee: Hand axe          ||    24
 Cast: Magic Dart        ||    61
Armor: Skin              ||    12
Dodge: Dodged            ||    22
